 Dungeon Crawl Stone Soup version 0.29.0-4-gdea44cf6ec (webtiles) character file.

Game seed: 5061891206444622676

163 qw the Chopper (level 5, -5/30 HPs)
             Began as a Tengu Warper on Aug 28, 2022.
             Slain by Eustachio
             ... wielding a +1 vampiric rapier
              (7 damage)
             ... on level 4 of the Dungeon.
             The game lasted 00:00:20 (3371 turns).

qw the Chopper (Tengu Warper)                       Turns: 3371, Time: 00:00:20

Health: -5/30      AC: 10    Str: 13      XL:     5   Next: 44%
Magic:  9/9        EV:  4    Int: 11 (13) God:
Gold:   148        SH:  0    Dex: 14      Spells: 8/8 levels left

rFire   . . .      SeeInvis .   Y - +1 hand axe
rCold   . . .      Faith    .   (no shield)
rNeg    . . .      Spirit   .   i - +0 plate armour
rPois   .          Reflect  .   (helmet restricted)
rElec   .          Harm     .   (no cloak)
rCorr   .          Rampage  .   (no gloves)
Will    .....                   (boots unavailable)
Stlth   ..........              (no amulet)
HPRegen 0.10/turn               (no ring)
MPRegen 0.11/turn               (no ring)

@: about to teleport, flying quickly and evasively, quick
A: beak, talons 3, nimble flight
a: no special abilities


You were on level 4 of the Dungeon.
You visited 1 branch of the dungeon, and saw 4 of its levels.

You collected 148 gold pieces.


Innate Abilities, Weirdness & Mutations

You have a beak for a mouth.
You have claws for feet.
Your magical nature lets you fly swiftly and evasively.


   Skills:
 - Level 2.0 Fighting
 + Level 5.7 Axes
 - Level 1.0 Throwing
 - Level 2.0 Armour
 - Level 2.1 Dodging
 - Level 2.0 Spellcasting
 - Level 2.4 Translocations


You had 8 spell levels left.
You didn't know any spells.
Your spell library contained the following spells:

 Spells                   Type           Power      Damage    Failure   Level
 Blink                    Tloc           12%        N/A       100%        2
 Gell's Gravitas          Tloc           6%         N/A       100%        3
 Lesser Beckoning         Tloc           6%         N/A       100%        3
 Teleport Other           Tloc           6%         N/A       100%        3
 Manifold Assault         Tloc           6%         N/A       100%        5

Inventory:

Hand Weapons
 c - the +6 shillelagh "Devastator" {shatter}
   (You found it on level 2 of the Dungeon)

   It releases a powerful concussive burst when it strikes, dealing extra damage
   to the target and all other foes adjacent to them.
 Y - a +1 hand axe (weapon)
Missiles
 b - a javelin (quivered)
 e - 5 boomerangs
Armour
 i - a +0 plate armour (worn)
Scrolls
 a - a scroll of teleportation
Potions
 d - a potion of curing
 f - a potion of invisibility {unknown}
 h - a potion of heal wounds {unknown}
 m - a potion of might
 p - a potion of resistance {unknown}

Dungeon Overview and Level Annotations

Branches:
Dungeon (4/15)
 Temple: D:4-7

Altars:
The Shining One

Annotations:
D:4 Eustachio


Message History

The jackal bites you but does no damage.
Eustachio completely misses you.
The quokka bites you but does no damage.
You hit the quokka but do no damage. Your kick misses the quokka.
The quokka is severely wounded.
You closely miss Eustachio. You miss the jackal.
The jackal bites you but does no damage.
The quokka bites you.
Eustachio gestures wildly while chanting.
The jackal bites you but does no damage.
You hit the quokka.
You kill the quokka!
The quokka's corpse disappears in a puff of smoke!
You hit the jackal. You closely miss the rat. You miss Eustachio.
Eustachio hits you with a +1 vampiric rapier.
Eustachio draws strength from your wounds!
The jackal bites you but does no damage.
The rat bites you but does no damage.
You barely miss the jackal. Your kick misses the jackal.
The jackal is severely wounded.
You hit the rat.
You kill the rat!
The rat's corpse disappears in a puff of smoke!
You hit Eustachio. The bat barely misses you.
The jackal bites you but does no damage.
Eustachio hits you with a +1 vampiric rapier.
3370 ||| READING 2 scrolls of teleportation.
As you read the scroll of teleportation, it crumbles to dust.
You feel strangely unstable. The bat completely misses you.
The jackal bites you but does no damage.
Eustachio hits you with a +1 vampiric rapier.
The jackal bites you but does no damage.
You hit Eustachio. You claw Eustachio! Your peck misses Eustachio.
Eustachio is severely wounded.
You barely miss the jackal. You closely miss the quokka. The quokka bites you.
The jackal closely misses you.
Eustachio hits you with a +1 vampiric rapier!
You die...

#### # ##...
#(.##..h#####
#h..(.#r@...#
#..b@#.#.#
#.#.##.#.# #
#. #.#.# #.
#.#.# #.
#.#.. #.
#.##########
#.
#...<.......
#.
############


You could see Eustachio, a quokka (summoned), a jackal and a bat (summoned).

Vanquished Creatures
  A hound (D:3)
  A gnoll (D:1)
  4 adders
  7 dart slugs
  An orc (D:3)
  7 bats
  7 endoplasms
  2 giant cockroaches (D:2)
  3 goblins
  5 hobgoblins
  7 jackals
  5 kobolds
  4 quokkas (D:3)
  6 ball pythons
  4 frilled lizards
  6 rats
70 creatures vanquished.

Notes
Turn   | Place    | Note
-------+----------+-------------------------------------------
     0 | D:1      | qw the Tengu Warper began the quest for the Orb.
     0 | D:1      | Reached XP level 1. HP: 12/12 MP: 4/4
     0 | D:1      | 0 ||| qw: Version: 0.1-a-89-g26bdef1
     0 | D:1      | 0 ||| qw: Game counter: 2887
     0 | D:1      | 0 ||| qw: Always use a shield: true
     0 | D:1      | 0 ||| qw: God list: Okawaru
     0 | D:1      | 0 ||| qw: Allow faded altars: false
     0 | D:1      | 0 ||| qw: Do Orc after D:15 true
     0 | D:1      | 0 ||| qw: Do second Lair branch before Depths: true
     0 | D:1      | 0 ||| qw: Lair rune preference: random
     0 | D:1      | 0 ||| qw: Plans: Normal
     0 | D:1      | 0 ||| PLANNING D:1-11
   135 | D:1      | Reached skill level 3 in Axes
   135 | D:1      | Reached XP level 2. HP: 11/17 MP: 6/6
   521 | D:1      | Reached XP level 3. HP: 20/21 MP: 7/7
   598 | D:1      | 598 ||| Stepping ~*~*~tactically~*~*~ (hiding).
   808 | D:1      | Reached skill level 4 in Axes
  1163 | D:1      | Found a faded altar of an unknown god.
  1376 | D:1      | 1376 ||| UPGRADING to +0 plate armour.
  1386 | D:1      | 1386 ||| DROPPING +0 leather armour.
  1387 | D:1      | 1387 ||| READING 2 scrolls labelled HYEMUAH GEDA.
  1388 | D:1      | 1388 ||| READING 2 scrolls labelled NADYCADIAM.
  1393 | D:1      | 1393 ||| READING scroll labelled MEBLURH BOONU.
  1394 | D:1      | 1394 ||| READING scroll labelled JUAMUD IHIWI.
  1395 | D:1      | 1395 ||| READING scroll labelled DAEBRI SAET.
  1396 | D:1      | 1396 ||| DRINKING 2 inky potions.
  1397 | D:1      | 1397 ||| DRINKING 2 sedimented amethyst potions.
  1398 | D:1      | 1398 ||| DROPPING scroll of fear.
  1399 | D:1      | 1399 ||| DROPPING scroll of blinking.
  1400 | D:1      | 1400 ||| DROPPING potion of degeneration.
  1401 | D:1      | 1401 ||| READING scroll of teleportation.
  1522 | D:2      | 1522 ||| Stepping ~*~*~tactically~*~*~ (stealth).
  1523 | D:2      | 1523 ||| Stepping ~*~*~tactically~*~*~ (stealth).
  1613 | D:2      | Reached XP level 4. HP: 10/26 MP: 8/8
  1615 | D:2      | HP: 6/26 [poisoned by an adder]
  2007 | D:2      | 2007 ||| Stepping ~*~*~tactically~*~*~ (hiding).
  2223 | D:2      | 2223 ||| Stepping ~*~*~tactically~*~*~ (stealth).
  2267 | D:2      | Found the +6 shillelagh "Devastator" {shatter}
  2278 | D:2      | 2278 ||| DROPPING +0 club.
  2398 | D:2      | Found a glowing golden altar of the Shining One.
  2488 | D:2      | 2488 ||| READING scroll labelled SITASU ZULIL.
  2489 | D:2      | 2489 ||| READING scroll labelled XIURAIJ XUONG.
  2490 | D:2      | 2490 ||| READING scroll labelled MUUQEGG TIKOSI.
  2491 | D:2      | 2491 ||| DRINKING 2 fuming golden potions.
  2492 | D:2      | 2492 ||| DRINKING 2 fizzy grey potions.
  2509 | D:2      | 2509 ||| DROPPING potion of flight.
  2510 | D:2      | 2510 ||| DROPPING potion of lignification.
  2582 | D:3      | 2582 ||| READING scroll labelled FAUTRA UKHAU.
  2583 | D:3      | 2583 ||| READING scroll labelled HALARAIGUO.
  2584 | D:3      | 2584 ||| READING 2 scrolls of teleportation.
  2713 | D:3      | Reached skill level 5 in Axes
  2870 | D:3      | 2870 ||| Stepping ~*~*~tactically~*~*~ (stealth).
  2883 | D:3      | Gained mutation: Your magical nature lets you fly swiftly
                  | and evasively. [Tengu growth]
  2883 | D:3      | Reached XP level 5. HP: 21/30 MP: 9/9
  3122 | D:3      | 3122 ||| DROPPING +2 mace of protection.
  3309 | D:3      | 3309 ||| DRINKING 2 lumpy clear potions.
  3344 | D:4      | Noticed Eustachio
  3352 | D:4      | 3352 ||| Stepping ~*~*~tactically~*~*~ (stealth).
  3369 | D:4      | HP: 6/30 [Eustachio/+1 vampiric rapier (4)]
  3370 | D:4      | 3370 ||| READING 2 scrolls of teleportation.
  3370 | D:4      | HP: 2/30 [Eustachio/+1 vampiric rapier (4)]
  3371 | D:4      | Slain by Eustachio

Levels and vault maps discovered:
D:1:      matt_arrival_grand_opening, layout_basic,
          nicolae_ecumenical_lake_church
D:2:      cheibrodos_helix_gallery, layout_rooms, basic_altar
D:3:      layout_loops_ring, serial_glass, glass_columns_a, glass_columns_c
D:4:      layout_loops_ring, uniq_eustachio

Skill      XL: |  1  2  3  4 |
---------------+-------------+-----
Axes           | 3 4 5 |  5.7
Armour         | 2 |  2.0
Fighting       | |  2.0
Throwing       | |  1.0
Dodging        | |  2.1
Spellcasting   | |  2.0
Translocations | |  2.4

Action                   |  1- 3 |  4- 6 || total
-------------------------+-------+-------++-------
Melee: Hand axe          |    68 |   101 ||   169
       Kick              |    11 |    28 ||    39
       Peck              |     5 |    14 ||    19
       Punch             |       |     1 ||     1
Throw: Boomerang         |     7 |       ||     7
       Javelin           |       |     9 ||     9
  Use: Scroll            |     6 |     7 ||    13
       Potion            |     2 |     3 ||     5
 Stab: Sleeping          |     1 |       ||     1
Armor: Leather armour    |    11 |       ||    11
       Plate armour      |    19 |    97 ||   116
Dodge: Dodged            |    18 |    28 ||    46

Table legend:
 A = Non-vault XP
 B = Vault XP
 C = Vault XP percentage of total XP
 D = Non-vault monster count
 E = Vault monster count
 F = Vault count percentage of total count
                 A         B        C        D         E       F
            +---------+---------+-------+---------+---------+-------
      Total |     230 |       3 |   1.3 |      68 |       2 |   2.9
            +---------+---------+-------+---------+---------+-------
        D:1 |      58 |       0 |   0.0 |      23 |       0 |   0.0
        D:2 |      65 |       3 |   4.4 |      23 |       2 |   8.0
        D:3 |     101 |       0 |   0.0 |      19 |       0 |   0.0
        D:4 |       6 |       0 |   0.0 |       3 |       0 |   0.0
            +---------+---------+-------+---------+---------+-------
